 Dungeon Crawl Stone Soup version 0.20.1-1-g8b1a95d (webtiles) character file.

5398 mrlamo the Magician (level 10, -13/79 HPs)
             Began as a Human Conjurer on Nov 14, 2017.
             Was a Believer of Sif Muna.
             Mangled by a two-headed ogre
             ... wielding a +0 giant spiked club
              (15 damage)
             ... on level 7 of the Dungeon on Nov 15, 2017.
             The game lasted 01:43:46 (6926 turns).

mrlamo the Magician (Human Conjurer)                Turns: 6926, Time: 01:43:48

Health: -13/79     AC: 10    Str: 10    XL:     10   Next: 98%
Magic:  21/21      EV: 15    Int: 17    God:    Sif Muna [**....]
Gold:   55         SH:  0    Dex: 14    Spells: 16/24 levels left

rFire    + . .     SeeInvis .   H - +5 mace of Supply {flame, Stlth+}
rCold    . . .     Gourm    .   (no shield)
rNeg     + . .     Faith    .   M - +3 leather armour {rF+}
rPois    .         Spirit   .   o - +0 helmet
rElec    .         Reflect  .   r - +1 cloak
rCorr    .         Harm     .   (no gloves)
MR       .....                  (no boots)
Stlth    ++++......             x - amulet of regeneration
Regen    0.7/turn               k - ring of wizardry
MPRegen  0.2/turn               l - ring of positive energy

@: no status effects
A: no striking features
a: Divine Energy, Renounce Religion


You were on level 7 of the Dungeon.
You worshipped Sif Muna.
Sif Muna was pleased with you.
You were not hungry.

You visited 3 branches of the dungeon, and saw 10 of its levels.

You collected 55 gold pieces.

Inventory:

Hand Weapons
 q - a +0 falchion
 v - a +0 great sword
 A - a +0 mace
 B - a +0 blowgun
 D - a +0 flail
 G - a +0 mace of protection
 H - the +5 mace of Supply (weapon) {flame, Stlth+}
   (You found it on level 4 of the Dungeon)

   It has been specially enchanted to burn those struck by it, causing extra
   injury to most foes and up to half again as much damage against particularly
   susceptible opponents.
   It makes you more stealthy.
Missiles
 g - 24 poisoned needles
 p - 9 bolts
 y - a throwing net (quivered)
Armour
 f - a +0 naga barding
 o - a +0 helmet (worn)
 r - a +1 cloak (worn)
 J - a +2 leather armour of fire resistance
 L - a +0 ring mail
 M - a +3 leather armour of fire resistance (worn)
Jewellery
 k - a ring of wizardry (left hand)
 l - a ring of positive energy (right hand)
 x - an amulet of regeneration (around neck)
Wands
 C - a wand of flame (33/48)
 K - a wand of iceblast (5/15)
 N - a wand of flame (22/48)
 R - a wand of acid (10/15)
Scrolls
 d - a scroll of immolation {unknown}
 e - 6 scrolls of identify
 h - a scroll of brand weapon {unknown}
 j - 6 scrolls of remove curse
 m - a scroll of blinking {unknown}
 n - a scroll of random uselessness {unknown}
 z - 6 scrolls of teleportation
 E - a scroll of recharging {unknown}
 I - a scroll of enchant weapon {unknown}
 P - a scroll of amnesia {unknown}
 Q - a scroll of magic mapping {unknown}
Potions
 a - 2 potions of resistance {unknown}
 i - a potion of lignification {unknown}
 t - a potion of invisibility
 u - 3 potions of brilliance {unknown}
 w - 3 potions of curing
 O - 2 potions of mutation {unknown}
Books
 b - a book of Conjurations

   Spells                             Type                      Level
   a - Magic Dart                     Conjuration                  1
   b - Searing Ray                    Conjuration                  2
   c - Dazzling Spray                 Conjuration/Hexes            3
   d - Fulminant Prism                Conjuration/Hexes            4
   e - Force Lance                    Conjuration/Translocation    4
   f - Iskenderun's Mystic Blast      Conjuration                  4
 S - a book of Geomancy

   Spells                             Type                      Level
   a - Sandblast                      Earth                        1
   b - Passwall                       Transmutation/Earth          2
   c - Stone Arrow                    Conjuration/Earth            3
   d - Petrify                        Transmutation/Earth          4
   e - Lee's Rapid Deconstruction     Earth                        5
Comestibles
 c - 5 bread rations
 s - 11 fruits
 F - 2 meat rations


   Skills:
 * Level 7.0 Fighting
 - Level 1.2 Long Blades
 + Level 3.7 Maces & Flails
 + Level 4.9 Armour
 + Level 6.3 Dodging
 + Level 6.6 Stealth
 * Level 7.7 Spellcasting
 - Level 5.0 Conjurations
 + Level 0.0 Transmutations
 + Level 0.2 Earth Magic


You had 16 spell levels left.
You knew the following spells:

 Your Spells              Type           Power        Failure   Level  Hunger
a - Magic Dart            Conj           ###.         1%          1    None
b - Searing Ray           Conj           ###...       1%          2    None
c - Passwall              Tmut/Erth      #.........   9%          2    None
d - Stone Arrow           Conj/Erth      ###...       6%          3    #......


Dungeon Overview and Level Annotations

Branches:
Dungeon (8/15)             Temple (1/1) D:4            Lair (1/6) D:8

Altars:
Fedhas
Hepliaklqana
Kikubaaqudgha
Makhleb
Nemelex Xobeh
Okawaru
Qazlal
Ru
Sif Muna
Trog
Uskayaw
Yredelemnul

Annotations:
D:8 Maurice
Lair:1 Fannar


Message History

The bullfrog completely misses you.
You hit the two-headed ogre but do no damage.
The two-headed ogre is severely wounded.
The bullfrog hits you but does no damage.
The two-headed ogre barely misses you.
The two-headed ogre completely misses you.
The bullfrog barely misses you.
You hit the two-headed ogre. You burn the two-headed ogre.
The two-headed ogre is severely wounded.
The bullfrog hits you. The two-headed ogre closely misses you.
The two-headed ogre hits you with a giant spiked club!
The bullfrog hits you.
You hit the two-headed ogre. You burn the two-headed ogre.
The two-headed ogre is almost dead.
The bullfrog hits you.
* * * LOW HITPOINT WARNING * * *
The two-headed ogre hits you with a giant spiked club!!
* * * LOW HITPOINT WARNING * * *
The two-headed ogre hits you with a giant spiked club!
You die...

.###.#####..###......#
..##.##..............#
............F........# ########
##...........##......## ##...#...
.............##.......###........
##...........##..##.#.##.........
#...([............#.#.##.........
#.##..........)..F...............
#.##....[.......@...#.###........
[<#......>.(.([O(.....# ##.......
.##............(..#...# ###..###
..#...............#...# ##..##
..#.####.##.......##..# #..##
....## #.####.....##..####.###
..#..###..# #.....##..#......#
###....##.###.....##..#......#
.............................#


You could see a two-headed ogre and a bullfrog.

Vanquished Creatures
  A two-headed ogre (D:8)
  Pikel (D:6)
  Joseph (D:7)
  A komodo dragon (Lair:1)
  Prince Ribbit (D:7)
  The ghost of Frank the Skirmisher, an amateur OpFi (D:3)
  A hippogriff (D:6)
  Eustachio (D:6)
  A steam dragon (D:7)
  Duvessa (D:4)
  A sky beast (D:5)
  4 slaves
  An ice beast (D:6)
  A phantom (D:4)
  A necrophage (D:6)
  2 orc warriors
  4 ogres
  A centaur (D:8)
  5 bullfrogs
  A gnoll sergeant (D:8)
  Dowan (D:4)
  A water moccasin zombie (D:6)
  3 scorpions
  A howler monkey (D:5)
  4 crimson imps
  A quasit (D:8)
  3 orc priests
  7 orc wizards
  5 hounds
  2 jellies
  A bullfrog zombie (D:7)
  A centaur skeleton (D:4)
  Jessica (D:2)
  2 iguanas
  5 worker ants
  A killer bee zombie (D:6)
  2 hound zombies
  2 hound skeletons
  A worker ant zombie (D:6)
  3 gnolls (D:8)
  9 adders
  An ooze (D:2)
  An adder skeleton (D:7)
  2 adder zombies
  A worm (D:2)
  3 dart slugs
  5 leopard geckos
  30 orcs
  2 ball pythons
  5 giant cockroaches
  4 goblins
  4 hobgoblins
  4 jackals (D:2)
  2 quokkas
  8 bats
  3 frilled lizards
  5 kobolds
  6 rats
173 creatures vanquished.

Notes
Turn   | Place    | Note
-------+----------+-------------------------------------------
     0 | D:1      | mrlamo the Human Conjurer began the quest for the Orb.
     0 | D:1      | Reached XP level 1. HP: 13/13 MP: 3/3
   316 | D:1      | Reached XP level 2. HP: 19/19 MP: 3/5
   587 | D:1      | Reached XP level 3. HP: 23/25 MP: 0/6
   821 | D:2      | Noticed Jessica
   871 | D:2      | Killed Jessica
   871 | D:2      | Reached skill level 1 in Fighting
   871 | D:2      | Reached XP level 4. HP: 32/32 MP: 0/7
   947 | D:2      | Found a sparkling altar of Nemelex Xobeh.
  1042 | D:2      | Learned a level 2 spell: Searing Ray
  1501 | D:3      | Reached XP level 5. HP: 34/37 MP: 5/8
  1570 | D:3      | Reached skill level 1 in Maces & Flails
  1801 | D:3      | Noticed Frank's ghost (amateur OpFi)
  1813 | D:3      | Reached XP level 6. HP: 44/44 MP: 0/10
  1878 | D:3      | Killed Frank's ghost
  1878 | D:3      | Reached XP level 7. HP: 36/51 MP: 0/11
  2124 | D:4      | Found a hide-covered altar of Uskayaw.
  2168 | D:4      | Found a staircase to the Ecumenical Temple.
  2218 | D:4      | Reached skill level 5 in Conjurations
  2229 | Temple   | Entered the Ecumenical Temple
  2267 | Temple   | Became a worshipper of Sif Muna the Loreminder
  2520 | D:4      | Noticed Duvessa
  2521 | D:4      | Noticed Dowan
  2550 | D:4      | Killed Duvessa
  2581 | D:4      | Killed Dowan
  2581 | D:4      | Reached skill level 1 in Long Blades
  2581 | D:4      | Reached skill level 1 in Armour
  2581 | D:4      | Reached XP level 8. HP: 31/58 MP: 0/13
  2775 | D:4      | Got a brightly glowing mace
  2776 | D:4      | Identified the +5 mace of Supply {flame, Stlth+} (You found it on level 4 of the Dungeon)
  3129 | D:5      | Entered Level 5 of the Dungeon
  3193 | D:5      | Noticed a two-headed ogre
  3795 | D:6      | Noticed Pikel
  3828 | D:5      | Reached skill level 5 in Spellcasting
  3828 | D:5      | Reached XP level 9. HP: 39/66 MP: 4/16
  4125 | D:6      | Killed Pikel
  4125 | D:6      | Reached * piety under Sif Muna
  4125 | D:6      | Reached skill level 5 in Fighting
  4125 | D:6      | Reached skill level 5 in Dodging
  4125 | D:6      | Reached skill level 5 in Stealth
  4494 | D:6      | Noticed Eustachio
  4619 | D:6      | Killed Eustachio
  5034 | D:7      | Noticed a hippogriff
  5060 | D:6      | Killed a hippogriff
  5060 | D:6      | Reached XP level 10. HP: 30/76 MP: 11/19
  5328 | D:7      | Noticed Prince Ribbit
  5339 | D:7      | Killed Prince Ribbit
  5367 | D:7      | Noticed Joseph
  5463 | D:7      | Killed Joseph
  5815 | D:8      | Found a staircase to the Lair.
  5822 | Lair:1   | Entered Level 1 of the Lair of Beasts
  5855 | Lair:1   | Learned a level 2 spell: Passwall
  5859 | Lair:1   | Learned a level 3 spell: Stone Arrow
  5871 | Lair:1   | Noticed a komodo dragon
  5878 | Lair:1   | Noticed Fannar
  5894 | Lair:1   | Killed a komodo dragon
  5959 | D:8      | Noticed a two-headed ogre
  5969 | D:8      | Killed a two-headed ogre
  6228 | D:8      | Noticed Maurice
  6397 | D:8      | Found a burning altar of Makhleb.
  6397 | D:8      | Found a basalt altar of Yredelemnul.
  6500 | D:8      | Reached ** piety under Sif Muna
  6539 | D:8      | Noticed a two-headed ogre
  6926 | D:7      | HP: 2/79 [two-headed ogre/giant spiked club (19)]
  6926 | D:7      | Mangled by a two-headed ogre

Skill      XL: |  1  2  3  4  5  6  7  8  9 10 |
---------------+-------------------------------+-----
Fighting       | 1 2 3 4 6 7 |  7.0
Dodging        | 3 4 5 6 |  6.3
Maces & Flails | 1 2 3 |  3.7
Stealth        | 3 4 5 6 |  6.6
Spellcasting   | 3 5 6 7 |  7.7
Conjurations   | 5 |  5.0
Long Blades    | 1 |  1.2
Armour         | 1 2 3 4 |  4.9
Earth Magic    | |  0.2

Action                   |  1- 3 |  4- 6 |  7- 9 | 10-12 || total
-------------------------+-------+-------+-------+-------++-------
Melee: Dagger            |    19 |       |       |       ||    19
       Mace              |     1 |    41 |   196 |   134 ||   372
       Great sword       |       |       |    63 |       ||    63
 Cast: Magic Dart        |    42 |    62 |   182 |   106 ||   392
       Searing Ray       |       |     6 |    21 |    10 ||    37
       Stone Arrow       |       |       |       |    27 ||    27
  Use: Potion            |       |     1 |     3 |     1 ||     5
       Scroll            |       |       |     2 |     1 ||     3
  Eat: Chunk             |       |     4 |     3 |       ||     7
       Bread ration      |       |       |     2 |     2 ||     4
Armor: Robe              |     5 |       |       |       ||     5
       Ring mail         |     6 |    27 |   217 |       ||   250
       Leather armour    |       |       |    21 |    64 ||    85
Dodge: Dodged            |    19 |    49 |   358 |   177 ||   603
       Rpst.: Great sword |       |       |    17 |       ||    17
